 Dungeon Crawl Stone Soup version 0.20.0-15-g7f486f2 (webtiles) character file.

245 Chiseanne the Magician (level 5, 0/35 HPs)
             Began as a Demonspawn Wizard on June 11, 2017.
             Was a Follower of Vehumet.
             Slain by an orc wizard
             ... wielding a +0 dagger
              (2 damage)
             ... on level 4 of the Dungeon.
             The game lasted 00:07:40 (4209 turns).

Chiseanne the Magician (Demonspawn Wizard)          Turns: 4209, Time: 00:07:40

Health: 0/35       AC: 14    Str: 13    XL:     5   Next: 83%
Magic:  7/12       EV: 12    Int: 20    God:    Vehumet [*.....]
Gold:   185        SH:  3    Dex: 11    Spells: 4/13 levels left

rFire    . . .     SeeInvis .   a - +2 mace (protect)
rCold    . . .     Gourm    .   (no shield)
rNeg     . . .     Faith    .   f - +1 steam dragon scales
rPois    .         Spirit   .   b - +0 hat
rElec    .         Reflect  +   o - +0 cloak
rCorr    .         Harm     .   (no gloves)
MR       .....                  (no boots)
Stlth    ++........             m - +3 amulet of reflection
Regen    0.2/turn               (no ring)
MPRegen  0.2/turn               (no ring)

@: mighty, protection aura, flying
A: hooves 2, powered by pain 1
a: Renounce Religion


You were on level 4 of the Dungeon.
You worshipped Vehumet.
Vehumet was aware of your devotion.
You were not hungry.

You visited 1 branch of the dungeon, and saw 4 of its levels.

You collected 185 gold pieces.

Inventory:

Hand Weapons
 a - a +2 mace of protection (weapon)
 s - a +4 quarterstaff of chaos
 x - a +0 blowgun
Missiles
 e - 76 stones (quivered)
 h - 33 sling bullets
 q - 58 arrows
 r - 21 poisoned needles
Armour
 b - a +0 hat (worn)
 f - +1 steam dragon scales (worn)
 o - a +0 cloak (worn)
Jewellery
 l - a +1 ring of protection {unknown}
 m - a +3 amulet of reflection (around neck)
 v - a +3 ring of evasion {unknown}
Wands
 n - a wand of lightning (0/15)
Scrolls
 y - a scroll of fog
 z - a scroll of teleportation
Potions
 c - a potion of flight
 g - a potion of curing {unknown}
 i - 2 potions of heal wounds {unknown}
 k - 2 potions of might
 p - a potion of brilliance {unknown}
 u - a potion of berserk rage {unknown}
 A - a potion of haste {unknown}
 C - a potion of magic {unknown}
Comestibles
 d - 5 bread rations
 j - 3 royal jellies
 t - 2 fruits
 w - 4 chunks of flesh


   Skills:
 - Level 1.7 Dodging
 - Level 1.7 Stealth
 * Level 4.9 Spellcasting
 * Level 4.0 Conjurations
   Level 1.0 Summonings
 - Level 0.8 Translocations


You had 4 spell levels left.
You knew the following spells:

 Your Spells              Type           Power        Failure   Level  Hunger
a - Magic Dart            Conj           ###.         2%          1    None
b - Blink                 Tloc           N/A          12%         2    #......
c - Conjure Flame         Conj/Fire      ##......     16%         3    ##.....
d - Mephitic Cloud        Conj/Pois/Air  ##......     21%         3    ##.....


Dungeon Overview and Level Annotations

Branches:
Dungeon (4/15)
 Temple: D:4-7

Altars:
Vehumet

Annotations:
D:4 Robin


Innate Abilities, Weirdness & Mutations

You have hoof-like feet.
You sometimes gain a little power by taking damage.


Message History

The puff of flame hits you!
Robin roars a battlecry!
The goblins go into a battle-frenzy!
You hear some strange, mumbled words.
A magic dart appears from out of thin air!
The magic dart hits you!
* * * LOW HITPOINT WARNING * * *
Robin throws the goblin at you!
It was a potion of flight.
You feel very buoyant.
You fly up into the air.
You hear some strange, mumbled words.
A puff of frost appears from out of thin air!
The puff of frost hits you! The goblin hits you but does no damage.
Something hits you.
* * * LOW HITPOINT WARNING * * *
It was a potion of might.
You feel very mighty all of a sudden. The goblin barely misses you.
Something hits you.
You die...

##.......##
#......#
##.....##
#####.##
##...## #.#
##+# #.# #.#
#.# #.#
.#########.#
.)gggo{@g..#
...#########


You could see Robin, an orc, a hobgoblin and 2 goblins.

Vanquished Creatures
  2 scorpions (D:4)
  Crazy Yiuf (D:2)
  2 adders
  An ooze (D:2)
  2 worms (D:3)
  5 dart slugs
  A leopard gecko (D:2)
  7 orcs (D:4)
  8 bats
  8 giant cockroaches
  9 goblins
  4 hobgoblins
  2 jackals (D:1)
  4 quokkas
  4 ball pythons
  5 frilled lizards
  6 kobolds
  4 rats
  A fungus (D:2)
76 creatures vanquished.

Vanquished Creatures (others)
  A goblin (D:4)
1 creature vanquished.

Grand Total: 77 creatures vanquished

Notes
Turn   | Place    | Note
-------+----------+-------------------------------------------
     0 | D:1      | Chiseanne the Demonspawn Wizard began the quest for the Orb.
     0 | D:1      | Reached XP level 1. HP: 13/13 MP: 4/4
   292 | D:1      | Gained mutation: You sometimes gain a little power by taking damage. [demonic ancestry]
   292 | D:1      | Reached XP level 2. HP: 19/19 MP: 0/6
  1150 | D:1      | Learned a level 2 spell: Blink
  1371 | D:2      | Reached XP level 3. HP: 24/24 MP: 1/8
  1435 | D:2      | Found a radiant altar of Vehumet.
  1443 | D:2      | Became a worshipper of Vehumet
  1563 | D:2      | Learned a level 3 spell: Conjure Flame
  1567 | D:2      | Learned a level 3 spell: Mephitic Cloud
  1782 | D:2      | Found a runed door.
  2366 | D:2      | Noticed Crazy Yiuf
  2771 | D:2      | Killed Crazy Yiuf
  2771 | D:2      | Gained mutation: You have large cloven feet. [demonic ancestry]
  2771 | D:2      | Reached XP level 4. HP: 30/30 MP: 0/10
  2955 | D:3      | Reached * piety under Vehumet
  2955 | D:3      | Offered knowledge of Sting by Vehumet.
  3849 | D:4      | Gained mutation: You have hoof-like feet. [demonic ancestry]
  3849 | D:4      | Reached XP level 5. HP: 35/35 MP: 1/11
  4181 | D:4      | Noticed Robin
  4209 | D:4      | Slain by an orc wizard

Skill      XL: |  1  2  3  4  5 |
---------------+----------------+-----
Conjurations   | 2 3 4 |  4.0
Spellcasting   | 4 |  4.9
Dodging        | |  1.7
Stealth        | |  1.7
Summonings     | |  1.0
Translocations | |  0.8

Action                   |  1- 3 |  4- 6 || total
-------------------------+-------+-------++-------
Melee: Unarmed           |     3 |       ||     3
       Mace              |    29 |    37 ||    66
       Kick              |       |     4 ||     4
 Cast: Magic Dart        |   109 |    79 ||   188
       Mephitic Cloud    |     1 |     2 ||     3
Evoke: Wand              |       |     3 ||     3
  Use: Scroll            |     3 |     4 ||     7
       Potion            |       |     2 ||     2
 Stab: Confused          |     1 |       ||     1
  Eat: Chunk             |     6 |     4 ||    10
Armor: Steam dragon scal |    14 |    43 ||    57
Dodge: Dodged            |    15 |    18 ||    33
Block: Other             |     1 |     5 ||     6
